 Dungeon Crawl Stone Soup version 0.25-a0-975-gcae8493d64 (webtiles) character file.

Game seed: 8046186722903925783, levelgen mode: deterministic

12 Esekla the Conjurer (level 2, -3/24 HPs)
             Began as a Naga Conjurer on May 9, 2020.
             Slain by a hobgoblin
             ... wielding a +0 club
              (5 damage)
             ... on level 1 of the Dungeon.
             The game lasted 00:02:35 (381 turns).

Esekla the Conjurer (Naga Conjurer)                  Turns: 381, Time: 00:02:36

Health: -3/24      AC:  1    Str: 10    XL:     2   Next: 33%
Magic:  0/5        EV: 10    Int: 15    God:
Gold:   56         SH:  0    Dex: 11    Spells: 2/5 levels left

rFire    . . .     SeeInvis +   (no weapon)
rCold    . . .     Gourm    .   (no shield)
rNeg     . . .     Faith    .   a - +0 robe
rPois    +         Spirit   .   (no helmet)
rElec    .         Reflect  .   (no cloak)
rCorr    .         Harm     .   (no gloves)
MR       .....                  (no barding)
Stlth    ++........             (no amulet)
HPRegen  0.08/turn              (no ring)
MPRegen  0.09/turn              (no ring)

@: short of breath, very slightly contaminated, very slow
A: large, see invisible, deformed body, poison resistance, slowness 2, slow
metabolism 1, spit poison 1, AC +0
a: Spit Poison


You were on level 1 of the Dungeon.
You were not hungry.

You visited 1 branch of the dungeon, and saw 2 of its levels.

You collected 56 gold pieces.

Inventory:

Armour
 a - a +0 robe (worn)
Scrolls
 d - a scroll of magic mapping {unknown}
 e - a scroll of fog {unknown}
Potions
 b - 2 potions of heal wounds {unknown}
Comestibles
 c - a ration


   Skills:
 * Level 0.3 Fighting
 + Level 1.5 Dodging
 + Level 3.0 Stealth
 * Level 2.1 Spellcasting
 * Level 4.4 Conjurations


You had 2 spell levels left.
You knew the following spells:

 Your Spells              Type           Power        Failure   Level  Hunger
a - Magic Dart            Conj           ##..         3%          1    #......
e - Searing Ray           Conj           ##....       5%          2    ###....

Your spell library contained the following spells:

 Spells                   Type           Power        Failure   Level  Hunger
 Dazzling Flash           Conj/Hex       #.....       26%         3    ###....
 Fulminant Prism          Conj/Hex       #.........   65%         4    #####..
 Iskenderun's Mystic Bla  Conj/Tloc      #.......     65%         4    #####..


Dungeon Overview and Level Annotations

Branches:
Dungeon (2/15)

Altars:


Innate Abilities, Weirdness & Mutations

You cannot wear boots.
Your serpentine skin is tough. (AC +0)
You have supernaturally acute eyesight. (SInv)
Armour fits poorly on your strangely shaped body.
Your system is resistant to poisons. (rPois)
You cover ground very slowly.
You have a slow metabolism.
You can spit poison.


Message History

Press: ? - help, Shift-Dir - straight line, f - hobgoblin
Aim: a hobgoblin, wielding a +0 club You miscast Magic Dart.
Nothing appears to happen.
The hobgoblin closely misses you.
Press: ? - help, Shift-Dir - straight line, f/p - hobgoblin
Aim: a hobgoblin, wielding a +0 club The splash of poison hits the hobgoblin but does no damage.
The hobgoblin is poisoned.
You feel slightly more hungry. The hobgoblin hits you with a +0 club.
* * * LOW HITPOINT WARNING * * *
You hit the hobgoblin.
The hobgoblin is severely wounded.
The hobgoblin hits you with a +0 club.
* * * LOW HITPOINT WARNING * * *
A hobgoblin comes into view.
The hobgoblin shouts!
You closely miss the hobgoblin.
The hobgoblin is heavily wounded.
The hobgoblin hits you with a +0 club.
You die...

#.. #.. #.g
#####
#..##?..##
##..#.....##
.......>...#
#.#........#
##@......#
##g....##
##.#...##
##.#w###.#####
#......w.....#
#.#..........#
..
######......#
#. ##.#.#.# #
.#.# #


You could see 2 hobgoblins.

Vanquished Creatures
  An adder (D:2)
  A bat (D:2)
  A frilled lizard (D:2)
  A kobold (D:1)
  A rat (D:2)
5 creatures vanquished.

Notes
Turn   | Place    | Note
-------+----------+-------------------------------------------
     0 | D:1      | Esekla the Naga Conjurer began the quest for the Orb.
     0 | D:1      | Reached XP level 1. HP: 15/15 MP: 3/3
    44 | D:2      | Reached XP level 2. HP: 18/22 MP: 0/5
    48 | D:2      | Learned a level 2 spell: Searing Ray
   381 | D:1      | Slain by a hobgoblin

Illustrated notes

Levels and vault maps discovered:
D:1:      lemuel_arrival_broad_hall, layout_loops_ring
D:2:      minmay_alternating_diamond, layout_basic, first_ration,
          trog_three_pillars_becter

Action                   || total
-------------------------++-------
Melee: Unarmed           ||     6
 Cast: Magic Dart        ||    10
 Abil: Spit Poison       ||     3
 Stab: Sleeping          ||     1
Armor: Robe              ||     2
Dodge: Dodged            ||    12

Table legend:
 A = Non-vault XP
 B = Vault XP
 C = Vault XP percentage of total XP
 D = Non-vault monster count
 E = Vault monster count
 F = Vault count percentage of total count
                 A         B        C        D         E       F
            +---------+---------+-------+---------+---------+-------
      Total |      14 |       4 |  22.2 |       2 |       3 |  60.0
            +---------+---------+-------+---------+---------+-------
        D:1 |       1 |       0 |   0.0 |       1 |       0 |   0.0
        D:2 |      13 |       4 |  23.5 |       1 |       3 |  75.0
            +---------+---------+-------+---------+---------+-------
